 Dungeon Crawl Stone Soup version 0.31-a0-237-g2d982f9f85 (webtiles) character file.

Game seed: 16230955577754419299

32 qw the Shooter (level 3, -3/29 HPs)
             Began as a Minotaur Hexslinger on July 11, 2023.
             Slain by a goblin
             ... wielding a +0 dagger
             ... led by Robin
              (4 damage)
             ... on level 2 of the Dungeon.
             The game lasted 00:00:19 (1241 turns).

qw the Shooter (Minotaur Hexslinger)                Turns: 1241, Time: 00:00:20

Health: -3/29      AC:  2    Str: 12    XL:     3   Next: 10%
Magic:  3/3        EV: 12    Int: 10    God:
Gold:   69         SH:  0    Dex: 14    Spells: 3/4 levels left

rFire   . . .        Y - +3 sling
rCold   . . .        (no shield)
rNeg    . . .        c - +0 robe
rPois   .            (helmet restricted)
rElec   .            (no cloak)
rCorr   .            (no gloves)
SInv    .            (no boots)
Will    .....        h - amulet of faith
Stlth   +            (no ring)
HPRegen 0.24/turn    (no ring)
MPRegen 0.08/turn

%: faith
@: lethally poisoned (-3 -> -29)
A: horns 2, retaliatory headbutt
a: no special abilities


You were on level 2 of the Dungeon.
You visited 1 branch of the dungeon, and saw 2 of its levels.

You collected 69 gold pieces.


Innate Abilities, Weirdness & Mutations

You have a pair of horns on your head.
You reflexively headbutt those who attack you in melee.


   Skills:
 - Level 2.0 Fighting
 + Level 3.7 Ranged Weapons
 - Level 2.1 Dodging
 - Level 1.0 Spellcasting
 - Level 2.0 Hexes


You had 3 spell levels left.
You knew the following spells:

 Your Spells              Type           Power      Damage    Failure   Level
a - Slow                  Hex            16%        N/A       16%         1

Your spell library contained the following spells:

 Spells                   Type           Power      Damage    Failure   Level
 Inner Flame              Hex/Fire       2%         N/A       56%         3
 Portal Projectile        Hex/Tloc       4%         N/A       56%         3
 Cause Fear               Hex            2%         N/A       83%         4

Inventory:

Hand Weapons
 Y - a +3 sling (weapon)
Armour
 b - a +1 robe of willpower
 c - a +0 robe (worn)
 d - a +0 ring mail
Jewellery
 h - an amulet of faith (around neck)
Scrolls
 a - a scroll of teleportation {unknown}
 e - 2 scrolls of identify {unknown}
 f - a scroll of revelation {unknown}
Potions
 g - a potion of attraction {unknown}

Dungeon Overview and Level Annotations

Branches:
Dungeon (2/15)

Altars:

Annotations:
D:2 Robin


Message History

The hobgoblin shouts!
The goblin shouts! x2; The hobgoblin shouts!
Robin shouts!
The goblin shouts!
Robin throws the goblin at you!
The goblin shouts!
Found a sapphire potion.
Enter note:
Enter note:
Enter note:
Enter note: You shoot a sling bullet.
The sling bullet barely misses the goblin.
The sling bullet hits the goblin!
You kill the goblin!
The goblin closely misses you. The goblin barely misses you.
Robin throws the goblin at you!
You shoot a sling bullet. The sling bullet hits the goblin.
You kill the goblin!
The goblin closely misses you.
Robin roars a battlecry!
The goblins go into a battle-frenzy!
The goblin hits you with a +2 dagger of venom.
You are poisoned.
You shoot a sling bullet.
The sling bullet barely misses the goblin.
The sling bullet hits the goblin.
You kill the goblin!
You feel very sick. Robin throws the goblin at you!
The goblin hits you with a +2 dagger of venom.
You are lethally poisoned!
The goblin hits you with a +2 dagger of venom.
You are more poisoned.
The goblin closely misses you. x2; The goblin hits you but does no damage.
You shoot a sling bullet. The sling bullet hits the goblin.
You kill the goblin!
You feel very sick.
The goblin hits you with a +2 dagger of venom.
You are more poisoned.
The goblin hits you with a +0 club. The goblin hits you with a +0 dagger.
You die...

### #.######## #.. #.# #.#
#### #.# #.# #..# #.# #.#
#..# #.# .
#.###'####+####+#..#
.######.##..............##
.##.............g)......
.##.###.##.....g@......#
.##.# #.###'####g####+##
.##.###.###..#


ggg ..........#..#..g.. ....###.######.....# ......#.# #.....# # ###......
+..!..+ ###### .......... #+###+# #..... #######.## #.#### You could see 3
hobgoblins and 4 goblins.

Vanquished Creatures
  2 dart slugs (D:1)
  A bat (D:2)
  4 endoplasms (D:1)
  6 goblins
  3 hobgoblins (D:1)
  A quokka (D:1)
  3 ball pythons
  4 frilled lizards (D:1)
  A kobold (D:1)
  3 rats
28 creatures vanquished.

Notes
Turn   | Place    | Note
-------+----------+-------------------------------------------
     0 | D:1      | qw the Minotaur Hexslinger began the quest for the Orb.
     0 | D:1      | Reached XP level 1. HP: 16/16 MP: 1/1
     0 | D:1      | 0 ||| qw: Version: 0.3-a-52-g30416fa
     0 | D:1      | 0 ||| qw: Game counter: 5513
     0 | D:1      | 0 ||| qw: Melee chars always use a shield: true
     0 | D:1      | 0 ||| qw: God list: Okawaru
     0 | D:1      | 0 ||| qw: Allow faded altars: false
     0 | D:1      | 0 ||| qw: Do Orc after clearing Dungeon:15 true
     0 | D:1      | 0 ||| qw: Do second Lair branch before Depths: true
     0 | D:1      | 0 ||| qw: Lair rune preference: random
     0 | D:1      | 0 ||| qw: Goals: Normal
     0 | D:1      | 0 ||| PLANNING D:1-11
   177 | D:1      | Reached skill level 3 in Ranged Weapons
   177 | D:1      | Reached XP level 2. HP: 23/23 MP: 2/2
   723 | D:1      | 723 ||| UPGRADING to amulet of faith.
   728 | D:1      | 728 ||| READING scroll labelled PIANAN ASOEPREO.
   829 | D:1      | 829 ||| READING scroll labelled VOPILU DALIOD.
   830 | D:1      | 830 ||| READING scroll labelled BEXEBI QOEM.
   831 | D:1      | 831 ||| READING scroll labelled ZUFITO LUX.
   832 | D:1      | 832 ||| DROPPING scroll of poison.
   945 | D:2      | Found a faded altar of an unknown god.
  1164 | D:2      | 1164 ||| READING scroll of enchant weapon.
  1164 | D:2      | 1164 ||| ENCHANTING +2 sling.
  1199 | D:2      | Reached XP level 3. HP: 29/29 MP: 3/3
  1237 | D:2      | Noticed Robin
  1241 | D:2      | HP: 3/29 [goblin/+2 dagger of venom[Robin] (6)]
  1241 | D:2      | HP: 1/29 [goblin/+0 club[Robin] (2)]
  1241 | D:2      | Slain by a goblin

Levels and vault maps discovered:
D:1:      wander_arrival_abandoned_jail, layout_basic
D:2:      layout_loops_ring, ebering_ecumenical_altar_mist,
          minmay_snake_closets, uniq_robin

Skill      XL: |  1  2 |
---------------+-------+-----
Ranged Weapons | 3 |  3.7
Fighting       | 2 |  2.0
Dodging        | |  2.1
Spellcasting   | |  1.0
Hexes          | |  2.0

Action                     || total
---------------------------++-------
   Fire: Sling             ||    64
    Use: Scroll            ||     5
 Armour: Robe              ||     2
  Dodge: Dodged            ||     7

Table legend:
 A = Non-vault XP
 B = Vault XP
 C = Vault XP percentage of total XP
 D = Non-vault monster count
 E = Vault monster count
 F = Vault count percentage of total count
                 A         B        C        D         E       F
            +---------+---------+-------+---------+---------+-------
      Total |      41 |       8 |  16.3 |      23 |       5 |  17.9
            +---------+---------+-------+---------+---------+-------
        D:1 |      35 |       0 |   0.0 |      19 |       0 |   0.0
        D:2 |       6 |       8 |  57.1 |       4 |       5 |  55.6
            +---------+---------+-------+---------+---------+-------
